 Dungeon Sprint DCSS version 0.30-a0-860-g512cf1e979 (webtiles) character file.

Game seed: 14533376197017145005

825 rocky1 the Skirmisher (level 7, -3/67 HPs)
             Began as a Minotaur Hunter on Mar 8, 2023.
             Was a Priest of Okawaru.
             Killed from afar by an air elemental (9 damage)
             ... with a stunning burst
             ... in the Dungeon (Sprint V: "Ziggurat Sprint").
             The game lasted 00:06:25 (771 turns).

rocky1 the Skirmisher (Minotaur Hunter)              Turns: 771, Time: 00:06:25

Health: -3/67      AC:  6    Str: 16    XL:     7   Next: 64%
Magic:  9/9        EV: 18    Int:  6    God:    Okawaru [***...]
Gold:   0          SH:  0    Dex: 27    Spells: 6/6 levels left

rFire   . . .      SeeInvis +    y - +27 heavy crossbow "Sniper" {heavy, Acc+∞ SInv}
rCold   . . .      Faith    .    (shield currently unavailable)
rNeg    . . .      Spirit   .    I - +3 leather armour "Hyonuonk" {*Corrode +Blink rPois}
rPois   +          Reflect  .    (helmet restricted)
rElec   .          Rampage  .    (no cloak)
rCorr   .          NoTele   +    (no gloves)
Will    .....                    (no boots)
Stlth   ++                       (no amulet)
HPRegen 0.31/turn                u - +6 ring of dexterity
MPRegen 0.11/turn                t - +6 ring of dexterity

@: no status effects
A: horns 2, retaliatory headbutt
a: Renounce Religion, Evoke Blink, Heroism


You were in the Dungeon.
You worshipped Okawaru.
Okawaru was most pleased with you.
You visited 1 branch

Inventory:

Hand Weapons
 a - a +0 shortbow
 s - the +11 Singing Sword {sonic wave}
   (You found it in the Dungeon)
 v - the +8 lance "Wyrmbane" {slay drac, rPois rF+ rC+ AC+3}
   (You found it in the Dungeon)

   AC:        It affects your AC (+3).
   rF:        It protects you from fire.
   rC:        It protects you from cold.
   rPois:     It protects you from poison.
 w - the +8 storm bow {elec, penet}
   (You found it in the Dungeon)
 x - the +9 sword of Power {lifebolt}
   (You found it in the Dungeon)
 y - the +27 heavy crossbow "Sniper" (weapon) {heavy, Acc+∞ SInv}
   (You found it in the Dungeon)

   Acc+∞: It never misses its target.
   SInv:      It lets you see invisible.
 z - a +5 arbalest
 A - a +5 hand crossbow
 B - a +5 longbow
 C - a +5 shortbow
 D - a +5 sling
 E - a +5 triple crossbow
 M - the +11 hand axe of Pies {drain, rPois rF+ Str+5}
   (You found it in the Dungeon)

   Str:       It affects your strength (+5).
   rF:        It protects you from fire.
   rPois:     It protects you from poison.
Armour
 c - a +0 leather armour
 I - the +3 leather armour "Hyonuonk" (worn) {*Corrode +Blink rPois}
   (You found it in the Dungeon)

   rPois:     It protects you from poison.
   +Blink:    It lets you blink.
   *Corrode:  It may corrode you when you take damage.
 J - the +3 warlock's mirror {omnireflect}
   (You acquired it in the Dungeon)

   Omnireflect: It can block and reflect piercing ranged attacks and magical
   attacks against the wielder's willpower.
Jewellery
 m - a ring of poison resistance
 t - a +6 ring of dexterity (right hand)
 u - a +6 ring of dexterity (left hand)
 K - the ring of Hedonism {rN+ Str+6}
   (You found it in the Dungeon)

   [ring of strength]

   Str:       It affects your strength (+6).
   rN:        It protects you from negative energy.
Wands
 F - a wand of mindburst (7)
 G - a wand of quicksilver (7)
Scrolls
 b - a scroll of immolation
 i - 3 scrolls of blinking
 o - 4 scrolls of amnesia
 p - 7 scrolls of fog
 q - 5 scrolls of identify
 r - 2 scrolls of fear
Potions
 d - 10 potions of curing
 e - 8 potions of heal wounds
 f - 10 potions of haste
 g - 7 potions of magic
 h - 3 potions of berserk rage
 j - 2 potions of brilliance
 k - 2 potions of invisibility
 l - 4 potions of resistance
 n - 5 potions of might
Miscellaneous
 H - a lightning rod (4/4)
 L - a tin of tremorstones (2/2)


   Skills:
 + Level 7.6 Fighting
 + Level 7.1 Long Blades
 + Level 7.0 Polearms
 * Level 10.4 Ranged Weapons
 + Level 7.0 Armour
 + Level 6.9 Dodging
 - Level 0.7 Stealth
 + Level 4.0 Invocations
 + Level 3.7 Evocations


You had 6 spell levels left.
You didn't know any spells.
Your spell library contained the following spells:

 Spells                   Type           Power      Damage    Failure   Level
 Foxfire                  Conj/Fire      0%         2x1d4     52%         1
 Slow                     Hex            0%         N/A       52%         1
 Confusing Touch          Hex            0%         N/A       87%         3
 Vampiric Draining        Necr           0%         2d6       87%         3
 Fireball                 Conj/Fire      0%         3d3       100%        5
 Starburst                Conj/Fire      0%         6d3       100%        6


Dungeon Overview and Level Annotations

Branches:
Dungeon (1/1)

Altars:
Ashenzari
Cheibriados
Dithmenos
Elyvilon
Fedhas
Gozag
Hepliaklqana
Kikubaaqudgha
Makhleb
Nemelex Xobeh
Okawaru
Qazlal
Ru
Sif Muna
Trog
Uskayaw
Vehumet
Wu Jian
Xom
Yredelemnul
Zin
The Shining One
Jiyva
Lugonu

Annotations:
D 1 transporter


Innate Abilities, Weirdness & Mutations

You have a pair of horns on your head.
You reflexively headbutt those who attack you in melee.


Message History

The arrow pierces through the air elemental.
The air elemental is lightly damaged.
The arrow pierces through the air elemental!
The air elemental is moderately damaged.
The air elemental fires a burst of electricity at you.
The stunning burst misses you.
The air elemental fires a burst of electricity at you.
The stunning burst hits the air elemental.
The air elemental completely resists.
The stunning burst hits you!
You suddenly lose the ability to move!
The air elemental fires a burst of electricity at you.
The stunning burst hits you!!
The air elemental fires a burst of electricity at you.
The stunning burst hits you.
The air elemental fires a burst of electricity at you.
The stunning burst hits the air elemental.
The air elemental completely resists.
The stunning burst hits you!
* * * LOW HITPOINT WARNING * * *
You can move again.
Unknown command.
The +8 storm bow {elec, penet} stops crackling.
y - the +27 heavy crossbow "Sniper" (weapon)
{heavy, Acc+∞ SInv} The air elemental fires a burst of electricity at you.
The stunning burst misses you.
Unknown command.
Fire: y) +27 heavy crossbow "Sniper" {heavy, Acc+∞ SInv}
Press: ? - help, Q - select action, (/) - cycle Shift-Dir - straight line, f/p - air elemental
Aim: an air elemental (lightly damaged, 100% to hit)
You shoot a bolt. The bolt hits the air elemental!!!!
You destroy the air elemental!
Okawaru is honoured by your kill.
Okawaru will now gift you throwing weapons as you gain piety.
The air elemental fires a burst of electricity at you.
The stunning burst hits the air elemental.
The air elemental completely resists.
The stunning burst hits you!
You shrug off the repeated paralysis!
* * * LOW HITPOINT WARNING * * *
The air elemental fires a burst of electricity at you.
The stunning burst hits you!
You shrug off the repeated paralysis!
You die...

▓..©..▓..©..▓▓▓▓▓▓▓
▓▓▓▓▓▓▓▓▓▓▓▓▓▓▓▓▓▓▓
▓..8©8...▓..8©8...▓
▓........▓..:)[...▓
▓........▓..:.?...▓
▓........▓..E.....▓
▓........▓...E....▓
▓)▓....▓.▓.▓EE..▓.▓
▓.)†©....▓..@©....▓
▓▓▓▓▓▓▓▓▓▓▓▓▓▓▓▓▓▓▓


You could see 4 air elementals.

Vanquished Creatures
  2 spriggans (D)
  An air elemental (D)
  2 hell hounds (D)
  2 black bears (D)
  3 orc priests (D)
  2 orc wizards (D)
  2 fire vortices (D)
14 creatures vanquished.

Notes
Turn   | Place    | Note
-------+----------+-------------------------------------------
     0 | D        | rocky1 the Minotaur Hunter began the quest for the Orb.
     0 | D        | Reached XP level 1. HP: 18/18 MP: 0/0
     0 | D        | Found a shimmering blue altar of Sif Muna.
     0 | D        | Found a bloodstained altar of Trog.
     0 | D        | Found a sacrificial altar of Ru.
     0 | D        | Found a stormy altar of Qazlal.
     0 | D        | Found an iron altar of Okawaru.
     1 | D        | Found a sparkling altar of Nemelex Xobeh.
     1 | D        | Found a blossoming altar of Fedhas.
     1 | D        | Found the +6 Majin-Bo {spellvamp, MP+6 Int+6}
     1 | D        | Found the +27 heavy crossbow "Sniper" {heavy, Acc+∞ SInv}
     1 | D        | Found the +10 dark maul {heavy}
     1 | D        | Found the +15 Maxwell's patent armour {-Cast -Tele rElec
                  | Will+ rCorr}
     1 | D        | Found the +18 shield of the Gong {Loud rN+ Will+ rCorr
                  | EV-5}
     1 | D        | Found the +16 obsidian axe {drain, demonic, Mesm Drain Fly
                  | SInv}
     1 | D        | Found the +7 great mace "Firestarter" {flame, inner flame,
                  | rFlCloud rF++}
     1 | D        | Found the +6 shillelagh "Devastator" {shatter}
     1 | D        | Found the +11 plutonium sword {Contam Stlth-}
     1 | D        | Found the +8 lance "Wyrmbane" {slay drac, rPois rF+ rC+
                  | AC+3}
     1 | D        | Found the +9 sword of Zonguldrok {reap}
     1 | D        | Found the +13 scythe of Curses {drain, curses, Drain}
     1 | D        | Found the +9 sword of Power {lifebolt}
     1 | D        | Found the +7 mace of Variability {chaos, chain chaos}
     1 | D        | Found the +11 Singing Sword {sonic wave}
     1 | D        | Found the +8 storm bow {elec, penet}
     3 | D        | Found a transporter.
     3 | D        | Found an ancient bone altar of Kikubaaqudgha.
     3 | D        | Found a viscous altar of Jiyva.
     3 | D        | Found a corrupted altar of Lugonu.
     3 | D        | Found a hazy altar of Hepliaklqana.
     3 | D        | Found a burning altar of Makhleb.
     3 | D        | Found an opulent altar of Gozag.
    67 | D        | Reached skill level 6 in Ranged Weapons
    67 | D        | Reached XP level 2. HP: 27/27 MP: 1/1
   101 | D        | Became a worshipper of Warmaster Okawaru
   109 | D        | Entered arena 2.
   109 | D        | Found a transporter.
   112 | D        | Reached XP level 3. HP: 20/34 MP: 2/2
   113 | D        | Reached skill level 7 in Ranged Weapons
   272 | D        | Entered arena 3.
   272 | D        | Found a transporter.
   277 | D        | Reached skill level 5 in Fighting
   277 | D        | Reached XP level 4. HP: 32/42 MP: 3/3
   283 | D        | Reached skill level 8 in Ranged Weapons
   283 | D        | Reached skill level 5 in Dodging
   283 | D        | Reached XP level 5. HP: 35/49 MP: 4/4
   403 | D        | Got the +3 leather armour "Hyonuonk" {*Corrode +Blink
                  | rPois}
   420 | D        | Entered arena 4.
   420 | D        | Noticed a hell hound
   420 | D        | Noticed a hell hound
   420 | D        | Found a transporter.
   426 | D        | Killed a hell hound
   426 | D        | Reached * piety under Okawaru
   427 | D        | Reached skill level 5 in Long Blades
   427 | D        | Reached skill level 5 in Polearms
   427 | D        | Reached skill level 5 in Armour
   427 | D        | Reached skill level 1 in Invocations
   427 | D        | Reached skill level 1 in Evocations
   428 | D        | Killed a hell hound
   429 | D        | Reached skill level 9 in Ranged Weapons
   429 | D        | Reached XP level 6. HP: 12/58 MP: 4/6
   445 | D        | Acquired the +3 warlock's mirror {omnireflect}
   445 | D        | Found the +3 warlock's mirror {omnireflect}
   599 | D        | Entered arena 5.
   599 | D        | Noticed a spriggan
   599 | D        | Noticed a spriggan
   599 | D        | Found a transporter.
   606 | D        | Reached ** piety under Okawaru
   607 | D        | Reached XP level 7. HP: 30/66 MP: 4/8
   608 | D        | Killed a spriggan
   609 | D        | Reached skill level 10 in Ranged Weapons
   612 | D        | Killed a spriggan
   732 | D        | Got the ring of Hedonism {rN+ Str+6}
   760 | D        | Got the +11 hand axe of Pies {drain, rPois rF+ Str+5}
   767 | D        | Entered arena 6.
   767 | D        | Noticed an air elemental
   767 | D        | Noticed an air elemental
   767 | D        | Noticed an air elemental
   767 | D        | Noticed an air elemental
   767 | D        | Noticed an air elemental
   767 | D        | Found a transporter.
   769 | D        | Paralysed by an air elemental for 1 turns
   771 | D        | Killed an air elemental
   771 | D        | Reached *** piety under Okawaru
   771 | D        | Killed from afar by an air elemental

Illustrated notes

Levels and vault maps discovered:
D:        sprint_v [room_start, room_1, room_2, room_3, room_4, room_5, room_6,
          room_7, room_8, room_9, room_10, room_11, room_12, room_13, room_14,
          room_15, room_16, room_17, room_18, room_19, room_20, room_21,
          room_22, room_23, room_24, room_25, room_26, room_27]

Skill      XL: |  1  2  3  4  5  6  7 |
---------------+----------------------+-----
Fighting       | 4 5 6 7 |  7.6
Long Blades    | 3 4 5 6 7 |  7.1
Polearms       | 3 4 5 6 7 |  7.0
Ranged Weapons | 6 7 8 9 10 | 10.4
Armour         | 3 4 5 6 7 |  7.0
Dodging        | 3 4 5 6 |  6.9
Invocations    | 2 3 4 |  4.0
Evocations     | 2 3 |  3.7
Stealth        | |  0.7

Action                     |  1- 3 |  4- 6 |  7- 9 || total
---------------------------+-------+-------+-------++-------
   Fire: Longbow           |     7 |    22 |     6 ||    35
         Heavy crossbow    |       |       |     1 ||     1
 Invoke: Heroism           |       |     1 |       ||     1
    Use: Potion            |     1 |     2 |       ||     3
         Scroll            |       |     2 |       ||     2
 Armour: Leather armour    |       |     4 |     1 ||     5
  Dodge: Dodged            |     1 |    14 |     6 ||    21

Table legend: (Time is in decaauts)
 A = Elapsed time spent in this place.
 B = Non-inter-level travel time spent in this place.
 C = Inter-level travel time spent in this place.
 D = Time resting spent in this place.
 E = Time spent auto-exploring this place.
 F = Levels seen in this place.
 G = Mean time per level.
                   A        B        C        D        E       F      G
               +--------+--------+--------+--------+--------+-----+--------+
         Total |    772 |    772 |      0 |    509 |      0 |   1 |  772.0 |
       Dungeon |    772 |    772 |      0 |    509 |      0 |   1 |  772.0 |
               +--------+--------+--------+--------+--------+-----+--------+

Top non-repeatable levels by time:
       D: 772 daAuts
